 Dungeon Crawl Stone Soup version 0.31-a0-1068-g5939ac1 (webtiles) character file.

Game seed: 8214087999649757761

4681 UnitStreak the Spear-Bearer (level 10, -2/80 HPs)
             Began as a Merfolk Fighter on Nov 22, 2023.
             Slain by a hornet (7 damage)
             ... on level 10 of the Dungeon.
             The game lasted 00:09:02 (6541 turns).

UnitStreak the Spear-Bearer (Merfolk Fighter)       Turns: 6541, Time: 00:09:03

Health: -2/80      AC: 10    Str: 22    XL:     10   Next: 44%
Magic:  10/10      EV: 17    Int:  7    God:
Gold:   204        SH:  0    Dex: 13    Spells: 9/9 levels left

rFire   + + .        a - melded +1 trident (spect)
rCold   + + .        c - melded +0 buckler
rNeg    + + +        m - melded +1 scale mail {rPois}
rPois   ∞            (helmet currently unavailable)
rElec   +            o - melded +1 cloak
rCorr   +            r - melded +2 pair of gloves
SInv    .            (boots currently unavailable)
Will    .....        (amulet currently unavailable)
Stlth   +            l - melded ring of resist corrosion
HPRegen 0.33/turn    w - melded ring of protection from fire
MPRegen 0.12/turn

%: clarity
@: wisp-form, flying
A: insubstantial, flying, no casting, tiny, (nimble swimmer 2), (mertail),
clarity, frail 1
a: no special abilities


You were on level 10 of the Dungeon.
You were an insubstantial wisp.
You visited 2 branches of the dungeon, and saw 11 of its levels.

You collected 286 gold pieces.
You spent 82 gold pieces at shops.

Inventory:

Hand Weapons
 a - a +1 spectral trident (melded)
Missiles
 i - 13 poisoned darts
Armour
 c - a +0 buckler (melded)
 m - a +1 scale mail of poison resistance (melded)
 o - a +1 cloak (melded)
 r - a +2 pair of gloves (melded)
Jewellery
 l - a ring of resist corrosion (melded)
 w - a ring of protection from fire (melded)
Wands
 b - a wand of polymorph (21)
Scrolls
 d - 2 scrolls of enchant armour
 f - 3 scrolls of amnesia
 j - a scroll of silence
 p - 2 scrolls of identify
 s - a scroll of teleportation
 u - a scroll of vulnerability
 v - 3 scrolls of noise
Potions
 e - a potion of attraction
 g - 2 potions of mutation
 t - a potion of enlightenment


   Skills:
 + Level 12.0 Fighting
 + Level 13.9 Polearms
 - Level 2.1 Armour
 - Level 3.0 Shields


You had 9 spell levels left.
You didn't know any spells.
Your spell library contained the following spells:

 Spells                   Type           Power      Damage    Failure   Level
 Necrotise                Necr           0%         1d4       43%         1
 Poisonous Vapours        Pois/Air       0%         N/A       56%         2
 Mephitic Cloud           Conj/Pois/Air  0%         N/A       80%         3
 Ozocubu's Armour         Ice            0%         N/A       80%         3
 Summon Guardian Golem    Hex/Summ       0%         N/A       80%         3
 Vampiric Draining        Necr           0%         2d6       80%         3
 Brom's Barrelling Bould  Conj/Erth      0%         2d3       99%         4
 Agony                    Necr           0%         N/A       100%        5
 Fireball                 Conj/Fire      0%         3d3       100%        5
 Freezing Cloud           Conj/Ice/Air   0%         6-21      100%        5
 Iskenderun's Battlesphe  Conj           0%         2d6       100%        5
 Conjure Ball Lightning   Conj/Air       0%         3x3d6     100%        6
 Orb of Destruction       Conj           0%         9d5       100%        7
 Ozocubu's Refrigeration  Ice            0%         4d7       100%        7
 Spellforged Servitor     Conj/Summ      0%         N/A       100%        7


Dungeon Overview and Level Annotations

Branches:
Dungeon (10/15)            Temple (1/1) D:5            Lair (0/5) D:8
    Orc: D:9-12

Altars:
Ashenzari
Cheibriados
Dithmenos
Elyvilon
Fedhas
Hepliaklqana
Kikubaaqudgha
Makhleb
Nemelex Xobeh
Okawaru
Qazlal
Ru
Sif Muna
Trog
Uskayaw
Vehumet
Xom
Yredelemnul

Shops:
D:2 =   D:7 =   D:8 ??

Annotations:
D:2 1 runed translucent door, Crazy Yiuf
D:3 2 transporters


Innate Abilities, Weirdness & Mutations

You are an insubstantial wisp.
Your tiny insubstantial body is highly resistant to most damage types.
You are flying.
Your equipment is entirely melded.
You are incapable of wielding weapons or throwing items.
You cannot cast spells.
((You are very nimble when in or above water. (Stealth+, EV+, Speed+++)))
((Your lower body shifts to a powerful aquatic tail in water.))
You possess an exceptional clarity of mind.
You are frail. (-10% HP)


Message History

The hornet stings you but does no damage.
The hornet is engulfed in poison gas.
The hornet looks even sicker.
The hornet barely misses you.
The hornet is engulfed in poison gas.
The hornet is poisoned.
The hornet is engulfed in poison gas.
The hornet looks even sicker.
The hornet stings you!
* * * LOW HITPOINT WARNING * * *
You are poisoned.
Unknown command.
You feel better.
The hornet is engulfed in poison gas.
The hornet looks even sicker.
The hornet is engulfed in poison gas.
The hornet looks even sicker.
The hornet stings you.
* * * LOW HITPOINT WARNING * * *
The ogre mage hits you but does no damage.
A hornet comes into view.
The hornet is engulfed in poison gas.
The hornet looks even sicker.
The hornet stings you!
* * * LOW HITPOINT WARNING * * *
The hornet buzzes angrily.
Unknown command.
Unknown command.
Unknown command.
Unknown command.
Unknown command.
Sorry, you're not good enough to have a special ability.
Unknown command.
Aiming: Polymorph
Press: ? - help, Shift-Dir - straight line, f - you You turn into an insubstantial wisp.
Your +1 spectral trident melds into your body.
Your +1 cloak melds into your body.
Your +2 pair of gloves melds into your body.
Your +0 buckler melds into your body.
Your +1 scale mail of poison resistance melds into your body.
Your ring of resist corrosion melds into your body.
Your ring of protection from fire melds into your body.
You no longer feel resistant to poison.
You hear an angry buzzing noise.
The hornet looks even sicker.
The hornet is engulfed in poison gas.
The hornet looks as sick as possible!
The hornet stings you!
You die...

# #§## #§
#§§§## #y.§
§§§.§###§§§§§
#y§yy.§§#
#vO§#
#§§§§y###§§§§§
#§##§§ ##§
§§## .§§ ##§ #


You could see an ogre mage and 5 hornets.

Vanquished Creatures
  A two-headed ogre (D:9)
  A tengu warrior (D:9)
  Grinder (D:3)
  2 wyverns (D:9)
  A yak (D:9)
  A steam dragon (D:6)
  An acid dragon (D:9)
  A water moccasin (D:7)
  A sky beast (D:6)
  A black bear (D:7)
  2 ice beasts (D:8)
  4 ogres
  3 phantoms
  2 kobold brigands
  5 bullfrogs
  4 scorpions
  4 wights (D:6)
  A jelly (D:5)
  A howler monkey (D:9)
  2 orc priests (D:7)
  A hound (D:6)
  An iguana (D:5)
  2 sleepcaps
  5 orc wizards
  A centaur simulacrum (D:9)
  8 gnolls
  8 adders
  2 shadow imps
  4 white imps
  4 ufetubi (D:6)
  4 worms
  4 dart slugs
  14 orcs
  9 endoplasms
  2 giant cockroaches (D:1)
  9 goblins
  6 hobgoblins
  4 jackals
  7 quokkas
  3 ball pythons
  5 bats
  3 frilled lizards
  12 kobolds
  3 rats
160 creatures vanquished.

Notes
Turn   | Place    | Note
-------+----------+-------------------------------------------
     0 | D:1      | UnitStreak the Merfolk Fighter began the quest for the Orb.
     0 | D:1      | Reached XP level 1. HP: 18/18 MP: 1/1
    62 | D:1      | Reached skill level 3 in Polearms
   203 | D:1      | Reached XP level 2. HP: 24/24 MP: 2/2
   742 | D:2      | Reached XP level 3. HP: 29/30 MP: 3/3
   753 | D:2      | Reached skill level 4 in Polearms
   820 | D:2      | Reached XP level 4. HP: 31/38 MP: 4/4
   998 | D:2      | Found a stormy altar of Qazlal.
  1001 | D:2      | You fall into a shaft and drop 2 floors!
  1323 | D:2      | Found Exzuid's Jewellery Boutique.
  1400 | D:2      | Found a runed translucent door.
  1401 | D:2      | Noticed Crazy Yiuf
  1459 | D:3      | Found a transporter.
  1460 | D:3      | Found a transporter.
  1460 | D:3      | Noticed an ogre
  1477 | D:3      | Found a radiant altar of Vehumet.
  1520 | D:3      | Noticed Grinder
  1521 | D:3      | Found an iron altar of Okawaru.
  1529 | D:3      | Paralysed by Grinder for 4 turns
  1534 | D:3      | Gained mutation: You are frail. (-10% HP) [potion of
                  | mutation]
  1534 | D:3      | Gained mutation: You possess an exceptional clarity of
                  | mind. [potion of mutation]
  1556 | D:3      | Paralysed by Grinder for 3 turns
  1566 | D:3      | Killed Grinder
  1567 | D:3      | Reached skill level 5 in Fighting
  1567 | D:3      | Reached skill level 6 in Polearms
  1567 | D:3      | Reached XP level 5. HP: 15/41 MP: 5/5
  1567 | D:3      | Reached XP level 6. HP: 17/46 MP: 6/6
  2060 | D:3      | Found a bloodstained altar of Trog.
  2066 | D:3      | Found a shimmering blue altar of Sif Muna.
  2262 | D:3      | Found a broken altar of Ashenzari.
  2617 | D:4      | Reached skill level 7 in Polearms
  2617 | D:4      | Reached XP level 7. HP: 24/53 MP: 7/7
  3295 | D:5      | Entered Level 5 of the Dungeon
  3300 | D:5      | Found a white marble altar of Elyvilon.
  3357 | D:5      | Found a staircase to the Ecumenical Temple.
  3364 | Temple   | Entered the Ecumenical Temple
  3697 | D:5      | Reached skill level 8 in Polearms
  4159 | D:5      | Reached XP level 8. HP: 61/61 MP: 8/8
  4205 | D:5      | Found a burning altar of Makhleb.
  4253 | D:5      | Identified the +2 robe of the Singing Gods {rC- rN+ Will++
                  | Dex+2}
  4422 | D:6      | Reached skill level 9 in Polearms
  4761 | D:6      | Reached skill level 10 in Polearms
  5061 | D:6      | Reached XP level 9. HP: 63/68 MP: 9/9
  5148 | D:6      | Found a blossoming altar of Fedhas.
  5181 | D:6      | Reached skill level 11 in Polearms
  5291 | D:6      | Found a shadowy altar of Dithmenos.
  5357 | D:7      | Found Noustilu's Jewellery Shoppe.
  5438 | D:7      | Found a stormy altar of Qazlal.
  5490 | D:7      | Reached skill level 10 in Fighting
  5626 | D:7      | Reached skill level 12 in Polearms
  5703 | D:7      | Found a basalt altar of Yredelemnul.
  5871 | D:8      | Found Ateotz's Magic Scroll Boutique.
  5953 | D:8      | Found Vikh's Magic Scroll Shop.
  5974 | D:8      | Bought a scroll of enchant weapon for 82 gold pieces
  5976 | D:8      | Noticed a two-headed ogre
  6357 | D:9      | Noticed a tengu warrior
  6359 | D:9      | Noticed a two-headed ogre
  6371 | D:9      | Killed a two-headed ogre
  6372 | D:9      | Reached skill level 13 in Polearms
  6372 | D:9      | Reached XP level 10. HP: 42/79 MP: 10/10
  6512 | D:9      | Killed a tengu warrior
  6537 | D:10     | Entered Level 10 of the Dungeon
  6537 | D:10     | Noticed an ogre mage
  6541 | D:10     | Slain by a hornet

Illustrated notes

Levels and vault maps discovered:
D:1:      reono_arrival_forest_river, layout_basic
D:2:      layout_rooms, basic_altar, serial_shops, nicolae_shop_gaudy_bauble,
          nicolae_wormholes, uniq_crazy_yiuf_cottage
D:3:      layout_loops_corners, hellmonk_overflow_destroyed_library,
          mainiacjoe_overflow_catwalk, gammafunk_temple_overflow_arena,
          nicolae_overflow_hidden_temple, minmay_misc_feat_encased,
          minmay_misc_feat_rows, nrook_loot_triangle, uniq_grinder
D:4:      layout_cave_pools, minmay_unequal
D:5:      layout_loops_corners, bloody_makhleb, lemuel_tele_altar,
          minmay_temple_entry_slanted
D:6:      layout_rooms, fedhas_altar_1, grunt_dithmenos_shadows,
          kennysheep_generic_room_14
D:7:      layout_cave_pools, old_standard_altar, old_standard_altar,
          nicolae_stop_n_shop_1, nicolae_underground_beach
D:8:      layout_basic, hellmonk_lair_entry_icy, serial_shops, shop,
          nicolae_shop_advertising_works [nicolae_subvault_shop_adworks]
D:9:      layout_gridville, mainiacjoe_overflow_surrounded_room,
          minmay_mirror_moons_of_madness
D:10:     hellmonk_paralyzer, layout_basic,
          pdpol_temple_overflow_zin_treasury_gozag_greed, kennysheep_mini_moat,
          serial_curves, eino_curves_04, eino_curves_04, hangedman_decor_push
Temple:   nicolae_temple_great_sept

Skill      XL: |  1  2  3  4  5  6  7  8  9 10 |
---------------+-------------------------------+-----
Polearms       | 3 4 6 7 8 10 13 | 13.9
Fighting       | 4 5 6 7 9 11 12 | 12.0
Armour         | |  2.1
Shields        | |  3.0

Action                     |  1- 3 |  4- 6 |  7- 9 | 10-12 || total
---------------------------+-------+-------+-------+-------++-------
  Melee: Trident           |    94 |   151 |   328 |    10 ||   583
  Evoke: Wand              |       |       |       |    13 ||    13
    Use: Potion            |       |     8 |       |     2 ||    10
         Scroll            |       |     6 |     9 |     3 ||    18
   Stab: Distracted        |       |       |     2 |       ||     2
         Invisible         |       |       |       |     2 ||     2
 Armour: Scale mail        |    59 |    76 |   129 |    20 ||   284
         Skin              |       |     4 |       |     1 ||     5
  Dodge: Dodged            |    33 |    38 |    84 |    10 ||   165
  Block: Buckler           |    23 |    29 |    41 |     2 ||    95

Table legend: (Time is in decaauts)
 A = Elapsed time spent in this place.
 B = Non-inter-level travel time spent in this place.
 C = Inter-level travel time spent in this place.
 D = Time resting spent in this place.
 E = Time spent auto-exploring this place.
 F = Levels seen in this place.
 G = Mean time per level.
                   A        B        C        D        E       F      G
               +--------+--------+--------+--------+--------+-----+--------+
         Total |   6499 |   6189 |    310 |    461 |   4629 |  11 |  590.8 |
       Dungeon |   6497 |   6187 |    310 |    461 |   4629 |  10 |  649.7 |
        Temple |      1 |      1 |      0 |      0 |      0 |   1 |    1.0 |
               +--------+--------+--------+--------+--------+-----+--------+

Top non-repeatable levels by time:
     D:5: 1251 daAuts
     D:3: 1193 daAuts
     D:1: 792 daAuts
     D:6: 778 daAuts
     D:4: 709 daAuts
     D:2: 611 daAuts
     D:7: 506 daAuts
     D:9: 397 daAuts
     D:8: 253 daAuts
    D:10: 3 daAuts
  Temple: 1 daAuts
